 Dungeon Crawl Stone Soup version 0.31-a0-210-gccc998df9b (webtiles) character file.

Game seed: 14418505545907181562

142 qw the Chopper (level 5, -1/32 HPs)
             Began as a Gargoyle Fighter on June 29, 2023.
             Slain by a gnoll
             ... wielding a +0 halberd
              (10 damage)
             ... on level 4 of the Dungeon.
             The game lasted 00:01:16 (3122 turns).

qw the Chopper (Gargoyle Fighter)                   Turns: 3122, Time: 00:01:17

Health: -1/32      AC: 14    Str: 21    XL:     5   Next: 25%
Magic:  5/5        EV:  7    Int:  9    God:
Gold:   176        SH:  4    Dex:  9    Spells: 4/4 levels left

rFire   + . .        Y - +1 war axe
rCold   . . .        c - +0 buckler
rNeg    + . .        h - +0 chain mail
rPois   inf          (no helmet)
rElec   +            j - scarf {repulsion}
rCorr   .            g - +0 pair of gloves
SInv    .            (no boots)
Will    .....        (no amulet) Stlth
                     l - ring of protection from fire
HPRegen 0.25/turn    (no ring)
MPRegen 0.09/turn

%: repel missiles
@: no status effects
A: sickness immunity, AC +4, negative energy resistance 1, electricity
resistance, torment resistance 1, petrification resistance
a: no special abilities


You were on level 4 of the Dungeon.
You visited 1 branch of the dungeon, and saw 4 of its levels.

You collected 188 gold pieces.
You spent 12 gold pieces at shops.


Innate Abilities, Weirdness & Mutations

You are immune to sickness and miasma.
Your stone body is resilient. (AC +4)
You are immune to poison.
You resist negative energy. (rN+)
You are resistant to electric shocks. (rElec)
You are resistant to unholy torment.
You are immune to petrification.


   Skills:
 - Level 3.2 Fighting
 + Level 4.8 Axes
 - Level 3.2 Armour
 - Level 3.2 Shields


You had 4 spell levels left.
You didn't know any spells.
Your spell library was empty.

Inventory:

Hand Weapons
 n - a +1 flail of protection
 Y - a +1 war axe (weapon)
Armour
 c - a +0 buckler (worn)
 g - a +0 pair of gloves (worn)
 h - a +0 chain mail (worn)
 j - a scarf of repulsion (worn)
Jewellery
 f - a +4 ring of protection
 l - a ring of protection from fire (left hand)
Scrolls
 a - 2 scrolls of identify
Potions
 b - a potion of mutation
 d - a potion of might
 e - a potion of enlightenment {unknown}
 i - a potion of cancellation {unknown}
 k - a potion of attraction {unknown}
 m - a potion of curing {unknown}

Dungeon Overview and Level Annotations

Branches:
Dungeon (4/15)
 Temple: D:4-7

Altars:
Yredelemnul
Zin

Shops:
D:1 *   D:2 (


Message History

The gnoll hits you but does no damage.
You closely miss the gnoll.
The gnoll is moderately wounded.
You hit the gnoll. The gnoll hits you but does no damage.
The gnoll hits you from afar with a +0 halberd!
The gnoll hits you but does no damage.
You barely miss the gnoll.
The gnoll is moderately wounded.
You hit the gnoll. The gnoll hits you with a +0 whip.
The gnoll hits you from afar with a +0 halberd!
The gnoll hits you but does no damage.
You hit the gnoll.
You kill the gnoll!
You barely miss the gnoll.
The gnoll hits you but does no damage. x2
The gnoll hits you from afar with a +0 halberd.
The gnoll barely misses you.
You hit the gnoll.
The gnoll is severely wounded.
The gnoll barely misses you. The gnoll hits you but does no damage.
You closely miss the gnoll.
The gnoll is severely wounded.
The gnoll barely misses you. You block the gnoll's attack.
You closely miss the gnoll.
The gnoll is severely wounded.
The gnoll hits you with a +0 whip. The gnoll hits you but does no damage.
You barely miss the gnoll.
The gnoll is severely wounded.
The gnoll hits you but does no damage. The gnoll closely misses you.
You block the gnoll's attack. The gnoll hits you but does no damage.
You hit the gnoll.
The gnoll is almost dead.
The gnoll hits you but does no damage. x2
You slash the gnoll!
You kill the gnoll!
The gnoll barely misses you. The gnoll hits you with a +0 halberd!
You die...

###..'...#.#.#.#.
##.'..#.#.#.#.# .
....#.#...#...#. ..
#####..#.#.#.#.# ...
###### ##..#...#.#.
..##....#####.)#.#.#.#
..'....... ##..#...#.
#g...#######..#.#.#
#.@).'.....##..#...
#.)..####...##.....
###'## #.#.####''' #.#
#.#.# #... #.# #.#.#
##### #.# #.#.###....
#.. ..#...'...) ###
###.###.... #.# #....


You could see a gnoll.

Vanquished Creatures
  2 gnolls (D:4)
  7 adders
  3 dart slugs
  2 worms (D:2)
  3 orcs
  8 ball pythons
  An endoplasm (D:2)
  4 goblins
  2 hobgoblins (D:1)
  8 kobolds
  5 quokkas
  4 bats
  2 rats (D:2)
51 creatures vanquished.

Notes
Turn   | Place    | Note
-------+----------+-------------------------------------------
     0 | D:1      | qw the Gargoyle Fighter began the quest for the Orb.
     0 | D:1      | Reached XP level 1. HP: 14/14 MP: 1/1
     0 | D:1      | 0 ||| qw: Version: 0.3-a-24-ga2abf7b
     0 | D:1      | 0 ||| qw: Game counter: 6763
     0 | D:1      | 0 ||| qw: Melee chars always use a shield: true
     0 | D:1      | 0 ||| qw: God list: Okawaru
     0 | D:1      | 0 ||| qw: Allow faded altars: false
     0 | D:1      | 0 ||| qw: Do Orc after clearing Dungeon:15 true
     0 | D:1      | 0 ||| qw: Do second Lair branch before Depths: true
     0 | D:1      | 0 ||| qw: Lair rune preference: random
     0 | D:1      | 0 ||| qw: Goals: Normal, Zot:1-4, Slime:5, God:TSO, Crypt,
                  | Tomb, Abyss, Pan, Hells, Win
     0 | D:1      | 0 ||| PLANNING D:1-11
    32 | D:1      | 32 ||| Stepping ~*~*~tactically~*~*~ (hiding).
    35 | D:1      | 35 ||| Stepping ~*~*~tactically~*~*~ (hiding).
   149 | D:1      | Reached skill level 2 in Axes
   161 | D:1      | 161 ||| Stepping ~*~*~tactically~*~*~ (hiding).
   183 | D:1      | 183 ||| Stepping ~*~*~tactically~*~*~ (hiding).
   189 | D:1      | Reached XP level 2. HP: 19/19 MP: 2/2
   245 | D:1      | 245 ||| Stepping ~*~*~tactically~*~*~ (stealth).
   248 | D:1      | 248 ||| Stepping ~*~*~tactically~*~*~ (hiding).
   474 | D:1      | Found Cyblun's General Store.
   483 | D:1      | 483 ||| BUYING +0 club (12 gold).
   483 | D:1      | Bought a +0 club for 12 gold pieces
   483 | D:1      | 483 ||| SHOPLISTING scroll of enchant armour (90 gold, have
                  | 44).
   511 | D:1      | Reached skill level 3 in Axes
   686 | D:1      | Reached XP level 3. HP: 23/23 MP: 3/3
   710 | D:1      | 710 ||| Stepping ~*~*~tactically~*~*~ (hiding).
   945 | D:1      | 945 ||| UPGRADING to +0 pair of gloves.
   950 | D:1      | 950 ||| UPGRADING to +0 chain mail.
   960 | D:1      | 960 ||| DROPPING +0 scale mail.
   961 | D:1      | 961 ||| UPGRADING to scarf of repulsion.
   966 | D:1      | 966 ||| UPGRADING to ring of protection from fire.
   967 | D:1      | 967 ||| READING 2 scrolls labelled FOILOH RAVEIC.
   968 | D:1      | 968 ||| READING scroll labelled HAFIEGOGAGYD.
   969 | D:1      | 969 ||| READING scroll labelled JUAKOMPAUZI.
   970 | D:1      | 970 ||| READING scroll labelled ZAIVEO QAVE.
  1197 | D:2      | 1197 ||| Stepping ~*~*~tactically~*~*~ (stealth).
  1200 | D:2      | 1200 ||| Stepping ~*~*~tactically~*~*~ (stealth).
  1203 | D:2      | Reached XP level 4. HP: 28/28 MP: 4/4
  1222 | D:2      | 1222 ||| FLEEEEING.
  1289 | D:2      | Reached skill level 4 in Axes
  1291 | D:2      | 1291 ||| DROPPING +0 club.
  1487 | D:2      | Found a basalt altar of Yredelemnul.
  1505 | D:2      | 1505 ||| DROPPING +0 whip.
  1670 | D:2      | Found Uneh's Weapon Shop.
  1844 | D:2      | 1844 ||| READING scroll labelled CIPPOMA ANOBIA.
  2161 | D:3      | Found a glowing silver altar of Zin.
  2819 | D:3      | 2819 ||| READING scroll labelled XUAZASU LIORA.
  2820 | D:3      | 2820 ||| READING scroll labelled RUTSAL JOMITUA.
  2821 | D:3      | 2821 ||| READING 2 scrolls of identify.
  2821 | D:3      | 2821 ||| IDENTIFYING blue potion
  2881 | D:4      | 2881 ||| Stepping ~*~*~tactically~*~*~ (stealth).
  2959 | D:4      | 2959 ||| Stepping ~*~*~tactically~*~*~ (stealth).
  3022 | D:4      | 3022 ||| Stepping ~*~*~tactically~*~*~ (stealth).
  3057 | D:4      | Reached XP level 5. HP: 32/32 MP: 5/5
  3106 | D:4      | 3106 ||| Stepping ~*~*~tactically~*~*~ (stealth).
  3107 | D:4      | 3107 ||| Stepping ~*~*~tactically~*~*~ (stealth).
  3118 | D:4      | HP: 8/32 [gnoll/+0 whip (3)]
  3122 | D:4      | Slain by a gnoll

Levels and vault maps discovered:
D:1:      dpeg_arrival_simpleton_c, layout_loops_ring, serial_shops, shop
D:2:      minmay_angry_zag, layout_loops_ring, serial_shops,
          nicolae_shop_pleasant_corner_grove, basic_altar
D:3:      layout_loops_corners, zin_academy, eino_tiny_chamber
D:4:      layout_basic, kennysheep_cluttered_room

Skill      XL: |  1  2  3  4 |
---------------+-------------+-----
Axes           | 2 3 4 |  4.8
Fighting       | |  3.2
Armour         | |  3.2
Shields        | |  3.2

Action                     |  1- 3 |  4- 6 || total
---------------------------+-------+-------++-------
  Melee: War axe           |   100 |    98 ||   198
    Use: Scroll            |     4 |     4 ||     8
 Armour: Scale mail        |    18 |       ||    18
         Chain mail        |    41 |    69 ||   110
  Dodge: Dodged            |    51 |    28 ||    79
  Block: Buckler           |    22 |    21 ||    43

Table legend:
 A = Non-vault XP
 B = Vault XP
 C = Vault XP percentage of total XP
 D = Non-vault monster count
 E = Vault monster count
 F = Vault count percentage of total count
                 A         B        C        D         E       F
            +---------+---------+-------+---------+---------+-------
      Total |     192 |      12 |   5.9 |      45 |       6 |  11.8
            +---------+---------+-------+---------+---------+-------
        D:1 |      35 |       0 |   0.0 |      17 |       0 |   0.0
        D:2 |      91 |      12 |  11.7 |      18 |       6 |  25.0
        D:3 |       5 |       0 |   0.0 |       3 |       0 |   0.0
        D:4 |      61 |       0 |   0.0 |       7 |       0 |   0.0
            +---------+---------+-------+---------+---------+-------
